 Dungeon Crawl Stone Soup version 0.29.1-15-g9cfb28693d (webtiles) character file.

Game seed: 13870552712699181929

10 croobank the Sneak (level 2, -3/21 HPs)
             Began as an Octopode Delver on Mar 15, 2023.
             Splashed by a jelly's acid (7 damage)
             ... on level 3 of the Dungeon.
             The game lasted 00:01:57 (680 turns).

croobank the Sneak (Octopode Delver)                 Turns: 680, Time: 00:01:58

Health: -3/21      AC: -7    Str:  9 (11) XL:     2   Next: 20%
Magic:  2/2        EV: 13    Int:  9 (12) God:
Gold:   67         SH:  0    Dex: 12 (13) Spells: 1/1 levels left

rFire   . . .      SeeInvis .   a - +0 hand axe
rCold   . . .      Faith    .   (no shield)
rNeg    . . .      Spirit   .   (helmet restricted)
rPois   .          Reflect  .   (no amulet)
rElec   .          Harm     .   (no ring)
rCorr   .          Rampage  .   (no ring)
Will    .....                   (no ring)
Stlth   ++++......              (no ring)
HPRegen 0.07/turn               (no ring)
MPRegen 0.08/turn               (no ring)
                                (no ring)
                                (no ring)

@: corroded
A: almost no armour, amphibious, 8 rings, camouflage 1, gelatinous body 1,
(nimble swimmer 1), tentacles
a: no special abilities


You were on level 3 of the Dungeon.
You visited 1 branch of the dungeon, and saw 4 of its levels.

You collected 67 gold pieces.

Inventory:

Hand Weapons
 a - a +0 hand axe (weapon)
 d - a +0 lajatang
 e - a +0 dagger
 j - a +0 quarterstaff
Wands
 f - a wand of digging (3)
Scrolls
 b - a scroll of fog
 c - a scroll of magic mapping
 g - 2 scrolls of identify {unknown}
 i - a scroll of teleportation {unknown}


   Skills:
 + Level 3.1 Fighting
 + Level 2.2 Axes
 + Level 2.2 Dodging
 + Level 6.7 Stealth


You had one spell level left.
You didn't know any spells.
Your spell library was empty.

Dungeon Overview and Level Annotations

Branches:
Dungeon (6/15)             Temple (0/1) D:4

Altars:


Innate Abilities, Weirdness & Mutations

You cannot wear most types of armour.
You are amphibious.
You can wear up to eight rings at the same time.
Your skin changes colour to match your surroundings (Stealth+).
Your rubbery body absorbs attacks. (AC +1, EV +1)
((You are camouflaged when in or above water. (Stealth+)))
You have tentacles for arms and can constrict up to eight enemies at once.


Message History

The helpless frilled lizard fails to defend itself.
You slash the frilled lizard!
You kill the frilled lizard!
No target in view!
No target in view!
You see here a frilled lizard corpse.
A quokka comes into view.
A quokka is nearby!
Found 4 gold pieces.
Found a robe.
The helpless quokka fails to defend itself.
You hit the quokka. Your grab misses the quokka.
The quokka is almost dead.
The quokka closely misses you. The quokka barely misses you.
You hit the quokka but do no damage. You grab the quokka.
The quokka is almost dead.
You constrict the quokka.
You kill the quokka!
Found an escape hatch in the floor.
You now have 67 gold pieces (gained 4).
A jelly comes into view.
A jelly is nearby!
Found a stone staircase leading up.
Found 16 gold pieces.
The helpless jelly fails to defend itself.
You hit the jelly.
Your tentacles burn!
The jelly is moderately wounded.
The jelly hits you. The acid corrodes you!
You are splashed with acid.
You are too injured to fight recklessly!
You hit the jelly.
Your tentacles burn!
* * * LOW HITPOINT WARNING * * *
The jelly is heavily wounded.
The jelly closely misses you.
It was a potion of degeneration.
There was something very wrong with that liquid.
You feel weakened.
You feel dopey.
You feel clumsy. The jelly hits you.
* * * LOW HITPOINT WARNING * * *
The acid corrodes you!
You are splashed with acid!
You die...

≈.............#
≈..[.##..######
≈#######.###
#.....#
###>###.###.#
...# #.....#
###.###.##..#
#.#####.....#
...#
#......@...##
#.#
.....#J.....<..#
#
####.......#####
###.###.# #. #.#
#$ #.. #. ####
#.


You could see a jelly.

Vanquished Creatures
  An endoplasm (D:3)
  A goblin (D:3)
  2 jackals (D:3)
  A kobold (D:3)
  2 quokkas (D:3)
  A frilled lizard (D:3)
8 creatures vanquished.

Notes
Turn   | Place    | Note
-------+----------+-------------------------------------------
     0 | D:5      | croobank the Octopode Delver began the quest for the Orb.
     0 | D:5      | Reached XP level 1. HP: 16/16 MP: 1/1
    50 | D:6      | Noticed a necrophage
   327 | D:4      | Noticed an ogre
   347 | D:4      | Found a staircase to the Ecumenical Temple.
   505 | D:3      | Reached XP level 2. HP: 13/21 MP: 2/2
   680 | D:3      | Splashed by a jelly's acid

Illustrated notes

Levels and vault maps discovered:
D:3:      layout_loops_ring, lightli_temple_of_fire, grunt_ministairs_8,
          uniq_robin
D:4:      layout_rooms, jmf_multi_god_temple2, minmay_temple_entry_large_hall,
          lightli_minifort
D:5:      layout_basic, nicolae_tso_swordbearing_angel, uniq_eustachio
D:6:      dreamdust_elfheim, layout_loops_ring, nicolae_overflow_hidden_temple,
          minmay_overflow_temple_star_quad, serial_shops, shop

Action                   || total
-------------------------++-------
Melee: Hand axe          ||    17
       Constrict         ||     4
       Tentacles         ||     1
  Use: Potion            ||     2
       Scroll            ||     1
 Stab: Sleeping          ||     5
Armor: Skin              ||     3
Dodge: Dodged            ||    27
